 Dungeon Crawl Stone Soup version 0.30-a0-364-gf6b3ef1049 (webtiles) character file.

Game seed: 5744533015226251702

14 SmokeWeed the Sneak (level 2, -1/21 HPs)
             Began as a Spriggan Brigand on Nov 15, 2022.
             Succumbed to an adder's poison
             ... on level 2 of the Dungeon.
             The game lasted 00:04:12 (1000 turns).

SmokeWeed the Sneak (Spriggan Brigand)              Turns: 1000, Time: 00:04:12

Health: -1/21      AC:  3    Str:  7    XL:     2   Next: 27%
Magic:  3/3        EV: 15    Int: 12    God:
Gold:   66         SH:  5    Dex: 16    Spells: 1/1 levels left

rFire   . . .      SeeInvis +    n - +0 sling
rCold   . . .      Faith    .    g - +0 buckler
rNeg    . . .      Spirit   .    b - +0 robe
rPois   .          Reflect  .    (helmet restricted)
rElec   .          Harm     .    o - +0 cloak
rCorr   .          Rampage  .    (gloves unavailable)
Will    .....                    (boots unavailable)
Stlth   ..........               (no amulet)
HPRegen 0.23/turn                (no ring)
MPRegen 0.08/turn                (no ring)

@: berserking, lethally poisoned (-1 -> -11), very quick
A: very small, no large weapons, unfitting armour, see invisible, speed 3
a: no special abilities


You were on level 2 of the Dungeon.
You visited 1 branch of the dungeon, and saw 2 of its levels.

You collected 66 gold pieces.

Inventory:

Hand Weapons
 a - a +2 dagger
 n - a +0 sling (weapon)
Missiles
 d - 9 poisoned darts
 e - 3 curare-tipped darts
Armour
 b - a +0 robe (worn)
 c - a +0 cloak
 g - a +0 buckler (worn)
 o - a +0 cloak (worn)
Scrolls
 f - a scroll of immolation {unknown}
 h - a scroll of magic mapping {unknown}
 j - a scroll of identify {unknown}
 m - a scroll of silence {unknown}
Potions
 i - a potion of degeneration {unknown}
 l - a potion of heal wounds {unknown}


   Skills:
 + Level 1.6 Fighting
 + Level 2.3 Short Blades
 + Level 2.1 Throwing
 + Level 1.4 Dodging
 + Level 6.6 Stealth


You had one spell level left.
You didn't know any spells.
Your spell library was empty.

Dungeon Overview and Level Annotations

Branches:
Dungeon (2/15)

Altars:

Shops:
D:1 !   D:2 (


Innate Abilities, Weirdness & Mutations

You are very small and have problems with some larger weapons.
You are too small for most types of armour.
You have supernaturally acute eyesight. (SInv)
You cover ground extremely quickly. (Speed+++)


Message History

There is a stone staircase leading up here.
You shoot a sling bullet. The sling bullet hits the goblin.
The goblin is moderately wounded.
A bat comes into view.
The goblin hits you with a +0 dagger.
You shoot a sling bullet. The sling bullet hits the goblin.
The goblin is heavily wounded.
The goblin barely misses you. You block the goblin's attack.
You shoot a sling bullet.
The sling bullet closely misses the goblin.
The sling bullet closely misses the bat.
The adder barely misses you. The goblin hits you but does no damage.
The adder misses you. The adder bites you.
The goblin hits you but does no damage. The adder closely misses you.
Found Loton's Weapon Boutique.
The bat misses you. The bat closely misses you.
You shoot a sling bullet. The sling bullet barely misses the bat.
The sling bullet misses the adder.
You block the bat's attack.
You shoot a sling bullet. The sling bullet hits the bat.
You kill the bat!
The adder bites you.
You are poisoned.
The adder poisons you!
You shoot a sling bullet.
The sling bullet hits the adder but does no damage.
You feel very sick. The adder closely misses you.
The adder completely misses you.
You shoot a sling bullet.
The sling bullet completely misses the adder.
You feel sick. The adder bites you.
You are lethally poisoned!
The adder poisons you! The adder bites you.
* * * LOW HITPOINT WARNING * * *
You are too injured to fight recklessly!
It was a potion of berserk rage.
A red film seems to cover your vision as you go berserk!
You feel yourself moving faster!
You feel mighty!
You die...

. ####. ....#####
#.....#
.#######...######
<.......#..†..#.. ..
.###...S##.##.#.# ##..
.......<##....#.# #...
# ...#....#####@#.# ..#
.# ##.#....# #S#.##.#
..# #......###
#g..#..##...
######...###...........
###..........##...
#..#..>....###...
#.##...#.#........
...#..#......#####. .
.###..#####...######..


You could see an adder and a goblin.

Vanquished Creatures
  3 bats
  2 endoplasms (D:1)
  2 hobgoblins (D:1)
  2 ball pythons
  4 rats (D:1)
13 creatures vanquished.

Notes
Turn   | Place    | Note
-------+----------+-------------------------------------------
     0 | D:1      | SmokeWeed the Spriggan Brigand began the quest for the Orb.
     0 | D:1      | Reached XP level 1. HP: 10/10 MP: 2/2
   225 | D:1      | Reached skill level 6 in Stealth
   366 | D:1      | Reached XP level 2. HP: 9/14 MP: 3/3
   609 | D:1      | Found Kozoxoh's Distillery.
   986 | D:2      | Found Loton's Weapon Boutique.
  1000 | D:2      | Succumbed to an adder's poison

Illustrated notes

Levels and vault maps discovered:
D:1:      nzn_arrival_depleted_hourglass, layout_basic, serial_shops, shop,
          serial_rivers, chequers_serial_rivers_micro_a,
          chequers_serial_rivers_micro_e, chequers_serial_rivers_small_a,
          chequers_serial_rivers_small_3, minmay_tromino_mix6
D:2:      layout_rooms, basic_altar, serial_shops,
          nicolae_shop_bloodbath_and_beyond, uniq_terence, uniq_natasha

Skill      XL: |  1 |
---------------+----+-----
Stealth        | 6 |  6.6
Fighting       | |  1.6
Short Blades   | |  2.3
Throwing       | |  2.1
Dodging        | |  1.4

Action                   || total
-------------------------++-------
Melee: Dagger            ||    21
 Fire: Sling             ||    12
  Use: Potion            ||     1
 Stab: Sleeping          ||     6
Armor: Robe              ||     5
Dodge: Dodged            ||    20
Block: Buckler           ||     6

Table legend: (Time is in decaauts)
 A = Elapsed time spent in this place.
 B = Non-inter-level travel time spent in this place.
 C = Inter-level travel time spent in this place.
 D = Time resting spent in this place.
 E = Time spent auto-exploring this place.
 F = Levels seen in this place.
 G = Mean time per level.
                   A        B        C        D        E       F      G
               +--------+--------+--------+--------+--------+-----+--------+
         Total |    656 |    581 |     75 |      0 |    450 |   2 |  328.0 |
       Dungeon |    656 |    581 |     75 |      0 |    450 |   2 |  328.0 |
               +--------+--------+--------+--------+--------+-----+--------+

Top non-repeatable levels by time:
     D:1: 597 daAuts
     D:2: 59 daAuts
